 Dungeon Crawl Stone Soup version 0.31-a0-826-ga5cc291a1b (webtiles) character file.

Game seed: 8280339255296122225

3488 qw the Skirmisher (level 10, 0/64 HPs)
             Began as a Gargoyle Hunter on Sept 23, 2023.
             Was a Believer of Okawaru.
             Killed by divine providence
             ... invoked by an orc priest
              (13 damage)
             ... on level 8 of the Dungeon.
             The game lasted 00:02:49 (5806 turns).

qw the Skirmisher (Gargoyle Hunter)                 Turns: 5806, Time: 00:02:50

Health: 0/64       AC: 24    Str: 19    XL:     10   Next: 7%
Magic:  13/13      EV: 16    Int:  9    God:    Okawaru [**....]
Gold:   281        SH:  0    Dex: 20    Spells: 9/9 levels left

rFire   + + .        Y - +0 shortbow (flame)
rCold   + + .        (shield currently unavailable)
rNeg    + . .        a - +2 ring mail {rF+}
rPois   inf          m - +0 helmet
rElec   +            e - scarf {rC+ rF+}
rCorr   .            l - +2 pair of gloves
SInv    .            (no boots)
Will    .....        (no amulet)
Stlth   +++          d - ring of Baesaotz {Fly rC+ Str+3 Dex+3}
HPRegen 0.30/turn    p - +4 ring of protection
MPRegen 0.13/turn

%: no passive effects
@: about to teleport, heroic, flying
A: sickness immunity, AC +7, negative energy resistance 1, electricity
resistance, torment resistance 1, petrification resistance
a: Renounce Religion, Heroism


You were on level 8 of the Dungeon.
You worshipped Okawaru.
Okawaru was pleased with you.
You visited 2 branches of the dungeon, and saw 9 of its levels.

You collected 281 gold pieces.


Innate Abilities, Weirdness & Mutations

You are immune to sickness and miasma.
Your stone body is resilient. (AC +7)
You are immune to poison.
You resist negative energy. (rN+)
You are resistant to electric shocks. (rElec)
You are resistant to unholy torment.
You are immune to petrification.


   Skills:
 - Level 8.2(13.2) Fighting
 + Level 11.1(16.1) Ranged Weapons
 - Level 3.4(8.4) Armour
 - Level 3.0(8.0) Dodging
 - Level 1.1(6.1) Stealth
 - Level 4.1 Invocations


You had 9 spell levels left.
You didn't know any spells.
Your spell library was empty.

Inventory:

Hand Weapons
 Y - a +0 shortbow of flaming (weapon)
Armour
 a - a +2 ring mail of fire resistance (worn)
 e - a scarf of resistance (worn)
 l - a +2 pair of gloves (worn)
 m - a +0 helmet (worn)
 n - a +0 cloak
Jewellery
 d - the ring of Baesaotz (left hand) {Fly rC+ Str+3 Dex+3}
   (You acquired it on level 5 of the Dungeon)

   [ring of flight]

   Str+3:     It affects your strength (+3).
   Dex+3:     It affects your dexterity (+3).
   rC+:       It protects you from cold.
   Fly:       It grants you flight.
 h - a ring of fire
 p - a +4 ring of protection (right hand)
Scrolls
 f - 2 scrolls of identify
 o - 2 scrolls of teleportation
Potions
 b - a potion of haste
 c - a potion of magic {unknown}
 g - 4 potions of mutation
 i - 2 potions of heal wounds
 j - a potion of curing
 q - a potion of might

Dungeon Overview and Level Annotations

Branches:
Dungeon (8/15)             Temple (1/1) D:4
   Lair: D:8-11

Altars:
Ashenzari
Dithmenos
Elyvilon
Fedhas
Hepliaklqana
Kikubaaqudgha
Makhleb
Nemelex Xobeh
Okawaru
Qazlal
Ru
Trog
Uskayaw
Vehumet
Wu Jian
Xom
Yredelemnul
Zin

Shops:
D:4 *   D:5 (   D:6 [   D:7 (::[

Portals:
Abyss: D:7

Annotations:
D:3 3 runed translucent doors, qw's ghost, amateur GrHu
D:7 2 transporters, qw's ghost, novice GrHu


Message History

The steam dragon bites you but does no damage.
The steam dragon barely misses you.
You shoot an arrow. The arrow hits the steam dragon.
The arrow burns the steam dragon.
You kill the steam dragon!
Okawaru accepts your kill.
Your base Ranged Weapons skill increases to level 11!
You shoot an arrow.
The arrow hits the orc priest but does no damage.
You shoot an arrow.
The arrow hits the orc priest but does no damage.
The orc priest calls down the wrath of Beogh upon you.
Beogh smites you!
You shoot an arrow. The arrow hits the orc priest!
The arrow burns the orc priest.
The orc priest is severely wounded.
The orc priest begins to cast a cantrip, but forgets the words!
You shoot an arrow.
The arrow completely misses the orc priest.
The arrow hits the orc warrior!
The arrow burns the orc warrior.
The orc warrior is severely wounded.
You shoot an arrow.
The arrow completely misses the orc priest.
The arrow hits the orc warrior.
The arrow burns the orc warrior.
The orc warrior is almost dead.
The orc priest hits you but does no damage.
You shoot an arrow.
The arrow hits the orc priest but does no damage.
The orc priest is severely wounded.
The orc priest calls upon Beogh to heal the orc warrior.
The orc warrior is healed somewhat.
The orc priest mumbles some strange prayers to Beogh against you.
Beogh smites you!
5806 ||| READING 3 scrolls of teleportation.
As you read the scroll of teleportation, it crumbles to dust.
You feel strangely unstable. The orc priest barely misses you.
The orc priest mumbles some strange prayers to Beogh against you.
Beogh smites you!
You die...

#..#.#.# ##.## #.
#.#.####.#
#......# ######.#
#...# #.#.# #.#.#
# #.#.# #.# #@#.#
....####o#.#####.#
.......oo........#
.o..o.............
...........#######
o.#.##.##### . #
... ####


You could see an orc warrior and 2 orc priests.

Vanquished Creatures
  A two-headed ogre (D:8)
  A steam dragon (D:8)
  Edmund (D:6)
  A water moccasin (D:7)
  2 black bears
  2 orc warriors
  An ice beast (D:7)
  2 sky beasts
  A phantom (D:5)
  2 kobold brigands
  3 bullfrogs (D:7)
  5 scorpions
  5 wights (D:8)
  3 howler monkeys (D:7)
  A jelly (D:7)
  4 orc priests
  2 gnoll boudas (D:5)
  A sleepcap (D:4)
  2 iguanas
  13 orc wizards
  Robin (D:3)
  4 adders
  6 gnolls (D:5)
  A dart slug (D:2)
  25 orcs
  4 ball pythons
  8 endoplasms
  18 goblins
  10 hobgoblins
  7 jackals
  3 quokkas
  5 bats
  7 frilled lizards
  15 kobolds
  4 rats
171 creatures vanquished.

Notes
Turn   | Place    | Note
-------+----------+-------------------------------------------
     0 | D:1      | qw the Gargoyle Hunter began the quest for the Orb.
     0 | D:1      | Reached XP level 1. HP: 12/12 MP: 1/1
     0 | D:1      | 0 ||| qw: Version: 0.3-a-83-gcd0e7d8
     0 | D:1      | 0 ||| qw: Game counter: 1891
     0 | D:1      | 0 ||| qw: Melee chars always use a shield: true
     0 | D:1      | 0 ||| qw: God list: Okawaru
     0 | D:1      | 0 ||| qw: Allow faded altars: false
     0 | D:1      | 0 ||| qw: Do Orc after clearing Dungeon:15 true
     0 | D:1      | 0 ||| qw: Do second Lair branch before Depths: true
     0 | D:1      | 0 ||| qw: Lair rune preference: random
     0 | D:1      | 0 ||| qw: Goals: Normal
     0 | D:1      | 0 ||| PLANNING D:1-11
   161 | D:1      | Reached XP level 2. HP: 17/17 MP: 2/2
   673 | D:1      | 673 ||| UPGRADING to +0 ring mail.
   683 | D:1      | 683 ||| DROPPING +0 leather armour.
   684 | D:1      | 684 ||| UPGRADING to scarf of resistance.
   689 | D:1      | 689 ||| READING scroll labelled GASUMMUPTE.
   690 | D:1      | 690 ||| READING scroll labelled MUIXZO XOLURI.
   691 | D:1      | 691 ||| READING scroll labelled QONKAM ARCHISHRU.
   692 | D:1      | 692 ||| DROPPING scroll of butterflies.
   713 | D:2      | 713 ||| Stepping ~*~*~tactically~*~*~ (retreating).
   716 | D:2      | 716 ||| Stepping ~*~*~tactically~*~*~ (retreating).
   717 | D:2      | 717 ||| Stepping ~*~*~tactically~*~*~ (retreating).
   720 | D:2      | 720 ||| Stepping ~*~*~tactically~*~*~ (retreating).
   722 | D:2      | Reached skill level 1 in Armour
   722 | D:2      | Reached XP level 3. HP: 20/21 MP: 3/3
   810 | D:2      | Reached skill level 5 in Ranged Weapons
   876 | D:2      | Reached skill level 3 in Fighting
   876 | D:2      | Reached XP level 4. HP: 26/28 MP: 4/4
  1415 | D:2      | 1415 ||| READING scroll labelled ERIGOT PUAGO.
  1416 | D:2      | 1416 ||| READING scroll labelled WOZUOZ KALEK.
  1417 | D:2      | 1417 ||| READING scroll labelled LEOCRU WUALOU.
  1421 | D:2      | 1421 ||| READING scroll labelled QAFI DUJOANK.
  1422 | D:2      | 1422 ||| DRINKING 2 amethyst potions.
  1684 | D:3      | Noticed Robin
  1693 | D:3      | Reached XP level 5. HP: 32/32 MP: 5/5
  1697 | D:3      | Killed Robin
  1758 | D:3      | Found a radiant altar of Vehumet.
  1795 | D:3      | Reached skill level 6 in Ranged Weapons
  1912 | D:3      | Found a runed translucent gate.
  1912 | D:3      | Found a runed translucent gate.
  1912 | D:3      | Found a runed translucent gate.
  1915 | D:3      | Noticed qw's ghost (amateur GrHu)
  2142 | D:3      | 2142 ||| UPGRADING to +0 helmet.
  2147 | D:3      | 2147 ||| READING scroll labelled SONWOOFI GUDATRA.
  2200 | D:4      | 2200 ||| STAIRDANCE
  2418 | D:4      | Found a sacrificial altar of Ru.
  2434 | D:4      | Found Yhuesmup's Fire Supplies.
  2455 | D:4      | 2455 ||| SHOPLISTING ring of protection from fire (250
                  | gold, have 137).
  2565 | D:4      | Reached XP level 6. HP: 38/38 MP: 6/6
  2709 | D:4      | Found a staircase to the Ecumenical Temple.
  2711 | D:4      | 2711 ||| PLANNING TEMPLE
  2711 | D:4      | 2711 ||| UPGRADING to +4 ring of protection.
  2712 | D:4      | 2712 ||| UPGRADING to ring of protection from cold.
  2713 | D:4      | 2713 ||| DRINKING 3 fuming emerald potions.
  2714 | D:4      | 2714 ||| DRINKING 2 smoky green potions.
  2715 | D:4      | 2715 ||| READING 4 scrolls of identify.
  2715 | D:4      | 2715 ||| IDENTIFYING smoky red potion
  2716 | D:4      | 2716 ||| READING 3 scrolls of identify.
  2716 | D:4      | 2716 ||| IDENTIFYING cyan potion
  2717 | D:4      | 2717 ||| READING 2 scrolls of identify.
  2717 | D:4      | 2717 ||| IDENTIFYING fizzy cyan potion
  2718 | D:4      | 2718 ||| DROPPING 2 potions of attraction.
  2719 | D:4      | 2719 ||| DROPPING potion of invisibility.
  2725 | Temple   | Entered the Ecumenical Temple
  2726 | Temple   | 2726 ||| PLANNING OKAWARU WORSHIP
  2750 | Temple   | Became a worshipper of Warmaster Okawaru
  2751 | Temple   | 2751 ||| PLANNING D:1-11
  2887 | D:4      | 2887 ||| DRINKING 2 fizzy golden potions.
  2888 | D:4      | 2888 ||| DROPPING potion of brilliance.
  2915 | D:5      | Entered Level 5 of the Dungeon
  2916 | D:5      | 2916 ||| STAIRDANCE
  2934 | D:4      | 2934 ||| UPGRADING to +2 ring mail of fire resistance.
  2944 | D:4      | 2944 ||| DROPPING +0 ring mail.
  2948 | D:5      | 2948 ||| STAIRDANCE
  2950 | D:5      | 2950 ||| DRINKING potion of curing.
  2950 | D:5      | 2950 ||| (to cure confusion)
  2951 | D:5      | 2951 ||| STAIRDANCE
  3021 | D:5      | Reached skill level 7 in Ranged Weapons
  3029 | D:5      | Reached XP level 7. HP: 43/43 MP: 7/7
  3144 | D:5      | 3144 ||| Stepping ~*~*~tactically~*~*~ (retreating).
  3178 | D:5      | Reached * piety under Okawaru
  3268 | D:5      | Reached skill level 8 in Ranged Weapons
  3268 | D:5      | Reached skill level 1 in Invocations
  3298 | D:5      | Found Sepurhu's Weapon Emporium.
  3553 | D:5      | 3553 ||| READING scroll labelled SASOOM ANYI.
  3553 | D:5      | Identified a scroll of acquirement
  3553 | D:5      | 3553 ||| ACQUIRING ring of Baesaotz {Fly rC+ Str+3 Dex+3}
  3553 | D:5      | Acquired the ring of Baesaotz {Fly rC+ Str+3 Dex+3}
  3555 | D:5      | 3555 ||| UPGRADING to ring of Baesaotz {Fly rC+ Str+3
                  | Dex+3}.
  3557 | D:5      | 3557 ||| UPGRADING to +4 ring of protection.
  3559 | D:5      | 3559 ||| DROPPING ring of protection from cold.
  3560 | D:5      | 3560 ||| READING 3 scrolls of identify.
  3560 | D:5      | 3560 ||| IDENTIFYING lumpy emerald potion
  3561 | D:5      | 3561 ||| READING 2 scrolls of identify.
  3561 | D:5      | 3561 ||| IDENTIFYING yellow potion
  3562 | D:5      | 3562 ||| DROPPING potion of ambrosia.
  3763 | D:6      | Noticed Edmund
  3764 | D:6      | 3764 ||| INVOKING Heroism.
  3784 | D:6      | 3784 ||| INVOKING Heroism.
  3797 | D:6      | Killed Edmund
  3798 | D:6      | Reached skill level 3 in Invocations
  3798 | D:6      | Reached XP level 8. HP: 19/49 MP: 8/10
  3983 | D:6      | 3983 ||| INVOKING Heroism.
  3999 | D:6      | 3999 ||| INVOKING Heroism.
  4127 | D:6      | Found Lotzueh's Antique Armour Shoppe.
  4132 | D:6      | 4132 ||| SHOPLISTING jewelled helmet (275 gold, have 185).
  4528 | D:6      | Found a shadowy altar of Dithmenos.
  4530 | D:6      | 4530 ||| INVOKING Heroism.
  4644 | D:7      | Found Cini's Book Shop.
  4646 | D:7      | Found a transporter.
  4647 | D:7      | Found Sueth's Weapon Boutique.
  4686 | D:7      | Reached skill level 9 in Ranged Weapons
  4691 | D:7      | 4691 ||| Stepping ~*~*~tactically~*~*~ (retreating).
  4756 | D:7      | Noticed a small abomination
  4758 | D:7      | Noticed qw's ghost (novice GrHu)
  4760 | D:7      | Noticed a brown ugly thing
  4763 | D:7      | Found a transporter.
  4771 | D:7      | 4771 ||| INVOKING Heroism.
  4777 | D:7      | Reached skill level 6 in Fighting
  4793 | D:7      | Reached XP level 9. HP: 56/56 MP: 12/12
  4810 | D:7      | Found Egiwn's Distillery.
  4849 | D:7      | 4849 ||| DRINKING 2 potions of curing.
  4849 | D:7      | 4849 ||| (to cure confusion)
  4859 | D:7      | Reached skill level 3 in Dodging
  4886 | D:7      | Found Idwysig's Antique Armour Shoppe.
  4902 | D:7      | Reached ** piety under Okawaru
  4943 | D:7      | Found a one-way gate to the infinite horrors of the Abyss.
  5021 | D:7      | Found Moepnera's Book Boutique.
  5175 | D:7      | 5175 ||| INVOKING Heroism.
  5331 | D:7      | 5331 ||| UPGRADING to +2 pair of gloves.
  5336 | D:7      | 5336 ||| READING scroll labelled GIUSCH ZIUSU.
  5337 | D:7      | 5337 ||| READING 2 scrolls of identify.
  5337 | D:7      | 5337 ||| IDENTIFYING white potion
  5338 | D:7      | 5338 ||| DROPPING potion of lignification.
  5371 | D:8      | Reached skill level 10 in Ranged Weapons
  5425 | D:8      | 5425 ||| INVOKING Heroism.
  5433 | D:8      | Reached skill level 3 in Armour
  5454 | D:8      | Noticed a two-headed ogre
  5455 | D:8      | 5455 ||| INVOKING Heroism.
  5470 | D:8      | Killed a two-headed ogre
  5562 | D:8      | 5562 ||| RETREEAATING.
  5564 | D:8      | 5564 ||| RETREEAATING.
  5566 | D:8      | 5566 ||| Stepping ~*~*~tactically~*~*~ (retreating).
  5627 | D:8      | Found a broken altar of Ashenzari.
  5684 | D:8      | 5684 ||| INVOKING Heroism.
  5700 | D:8      | Reached XP level 10. HP: 53/64 MP: 11/13
  5786 | D:8      | 5786 ||| INVOKING Heroism.
  5787 | D:8      | 5787 ||| RETREEAATING.
  5788 | D:8      | 5788 ||| STILL RETREEAATING.
  5789 | D:8      | 5789 ||| STILL RETREEAATING.
  5790 | D:8      | 5790 ||| STILL RETREEAATING.
  5800 | D:8      | Reached skill level 11 in Ranged Weapons
  5805 | D:8      | HP: 13/64 [orc priest/divine providence (10)]
  5806 | D:8      | 5806 ||| READING 3 scrolls of teleportation.
  5806 | D:8      | Killed from afar by an orc priest

Levels and vault maps discovered:
D:1:      lemuel_arrival_room, layout_loops_ring
D:2:      layout_basic, serial_forest, infiniplex_forest_lined_3,
          infiniplex_forest_diagonal, infiniplex_forest_diagonal,
          infiniplex_forest_clump_tiny, infiniplex_forest_clump_C,
          infiniplex_forest_diagonal
D:3:      layout_loops_ring, vehumet_altar_wand_db, ebering_ghost_rock_garden,
          uniq_robin
D:4:      layout_basic, mainiacjoe_overflow_alcove_1, minmay_temple_entry_tees,
          minmay_tree_intersection, nicolae_shop_fire_sale
          [nicolae_sub_dead_trees]
D:5:      layout_loops_ring, kennysheep_orc_sif_temple, serial_shops,
          nicolae_shop_real_fake_doors
D:6:      layout_loops_ring, nicolae_dithmenos_through_a_glass_darkly,
          serial_shops, shop, minmay_fountain_box, uniq_edmund
D:7:      layout_loops_ring, gammafunk_ghost_abyssal_escape, serial_shops,
          nicolae_diamond_shop, shop, nicolae_shop_behind_doors, shop,
          nicolae_book_shop_shelving
D:8:      layout_loops_ring, cheibrodos_worm_habitat,
          ashenzari_conservatory_becter
Temple:   nicolae_temple_superstar

Skill      XL: |  1  2  3  4  5  6  7  8  9 10 |
---------------+-------------------------------+-----
Armour         | 1 2 3 |  3.4
Ranged Weapons | 5 6 7 8 9 10 11 | 11.1
Fighting       | 3 4 5 6 8 |  8.2
Invocations    | 3 4 |  4.1
Dodging        | 2 3 |  3.0
Stealth        | |  1.1

Action                     |  1- 3 |  4- 6 |  7- 9 | 10-12 || total
---------------------------+-------+-------+-------+-------++-------
   Fire: Shortbow          |   108 |   189 |   402 |    18 ||   717
 Invoke: Heroism           |       |       |    10 |     1 ||    11
    Use: Scroll            |     3 |     8 |     5 |     1 ||    17
         Potion            |       |     5 |     1 |       ||     6
 Armour: Ring mail         |    25 |    78 |   145 |     4 ||   252
         Leather armour    |     4 |       |       |       ||     4
  Dodge: Dodged            |    30 |    48 |   114 |    10 ||   202

Table legend:
 A = Non-vault XP
 B = Vault XP
 C = Vault XP percentage of total XP
 D = Non-vault monster count
 E = Vault monster count
 F = Vault count percentage of total count
                 A         B        C        D         E       F
            +---------+---------+-------+---------+---------+-------
      Total |    4777 |     206 |   4.1 |     157 |      14 |   8.2
            +---------+---------+-------+---------+---------+-------
        D:1 |      22 |       0 |   0.0 |      14 |       0 |   0.0
        D:2 |     111 |       0 |   0.0 |      32 |       0 |   0.0
        D:3 |     101 |      37 |  26.8 |      20 |      13 |  39.4
        D:4 |     210 |       0 |   0.0 |       9 |       0 |   0.0
        D:5 |     561 |       0 |   0.0 |      21 |       0 |   0.0
        D:6 |     550 |     169 |  23.5 |      18 |       1 |   5.3
        D:7 |    1242 |       0 |   0.0 |      23 |       0 |   0.0
        D:8 |    1980 |       0 |   0.0 |      20 |       0 |   0.0
            +---------+---------+-------+---------+---------+-------
